AoeStats
← MaX

Arena

505489243Analyzed
2v2 RM · 23d ago on Sep 9, 2026· 59m 17s· 4 players
Game mode
Random Map
Map size
Medium (4 player)
Population
200
Speed
Normal
Resources
Standard
Victory
Conquest
Starting age
Dark Age
Ending age
Imperial Age
RankedLock teamsTeams togetherTeam positionsShared explorationLock speedFull tech treeHidden civsTurbo modeCheats
Victory
Defeat
🇩🇪 Bohemians · Germany
670
+8
🇩🇪 Cumans · Germany
615
+10
🇫🇷 Khmer · France
493
-9
🇫🇷 Mongols · France
467
-9
Sayuri
0:40 Loom
12:09 Feudal Age
13:38 Horse Collar
15:22 Double-Bit Axe
16:53 Scale Mail Armor
18:22 Scale Barding Armor
18:17 Padded Archer Armor
20:05 Arson
27:13 Castle Age
26:01 Wheelbarrow
25:12 Town Watch
25:01 Man-at-Arms
26:03 Forging
27:18 Gold Mining
27:18 Stone Mining
27:51 Long Swordsman
27:52 Pikeman
28:33 Squires
28:35 Heavy Plow
28:50 Bow Saw
29:05 Chain Barding Armor
28:42 Fletching
29:35 Gold Shaft Mining
29:57 Stone Shaft Mining
30:01 Chain Mail Armor
31:39 Leather Archer Armor
31:53 Nomads
32:43 Hand Cart
34:08 Town Patrol
38:29 Imperial Age
37:14 Bodkin Arrow
37:55 Iron Casting
37:13 Light Cavalry
39:53 Bloodlines
39:43 Husbandry
39:04 Cavalier
41:46 Hussar
45:16 Plate Mail Armor
46:15 Caravan
46:45 Coinage
46:17 Bracer
47:28 Fortified Wall
47:14 Murder Holes
47:10 Guard Tower
47:41 Ballistics
51:09 Masonry
55:55 Elite Mangudai
57:11 Hoardings
SmurfGrognon
11:08 Feudal Age
9:25 Loom
12:25 Double-Bit Axe
13:51 Wheelbarrow
15:44 Horse Collar
19:37 Castle Age
19:43 Castle Age
18:21 Bloodlines
19:06 Scale Barding Armor
19:13 Forging
20:36 Husbandry
21:17 Bow Saw
23:10 Hand Cart
23:35 Heavy Plow
23:43 Gold Mining
27:45 Gold Shaft Mining
27:01 Stone Mining
31:19 Chain Barding Armor
31:35 Iron Casting
30:51 Fletching
31:02 Padded Archer Armor
31:02 Scale Mail Armor
36:10 Imperial Age
35:31 Tusk Swords
35:33 Bodkin Arrow
35:54 Leather Archer Armor
35:57 Chain Mail Armor
39:23 Plate Barding Armor
39:49 Blast Furnace
38:49 Bracer
39:20 Ring Archer Armor
38:15 Elite Battle Elephant
39:47 Conscription
43:04 Elite Skirmisher
45:25 Stone Shaft Mining
47:40 Parthian Tactics
47:58 Conscription
48:48 Elite Ballista Elephant
50:23 Double Crossbow
56:44 Pikeman
Flowrider
12:11 Feudal Age
14:32 Double-Bit Axe
14:30 Horse Collar
20:00 Castle Age
21:26 Husbandry
21:36 Heavy Plow
23:59 Wheelbarrow
25:43 Hand Cart
25:51 Hand Cart
27:44 Bow Saw
28:40 Chemistry
28:15 Forging
28:05 Scale Mail Armor
32:48 Imperial Age
36:08 Two-Man Saw
35:59 Squires
35:19 Pikeman
36:37 Ballistics
36:00 Halberdier
39:46 Houfnice
46:51 Iron Casting
46:32 Chain Mail Armor
46:22 Scale Barding Armor
46:07 Fletching
46:17 Padded Archer Armor
51:59 Blast Furnace
51:29 Plate Mail Armor
51:19 Chain Barding Armor
50:56 Bodkin Arrow
51:16 Leather Archer Armor
MaX
10:43 Feudal Age
11:13 Double-Bit Axe
11:21 Horse Collar
13:28 Wheelbarrow
20:58 Castle Age
22:45 Heavy Plow
22:57 Bow Saw
22:40 Man-at-Arms
24:45 Long Swordsman
28:26 Stone Mining
28:26 Gold Mining
29:20 Hand Cart
31:16 Pikeman
32:51 Scale Barding Armor
32:48 Scale Mail Armor
34:12 Squires
33:58 Arson
36:53 Chain Barding Armor
36:49 Chain Mail Armor
36:44 Forging
40:22 Imperial Age
38:14 Steppe Husbandry
40:53 Halberdier
42:19 Caravan
43:26 Cuman Mercenaries
45:24 Two-Man Saw
46:22 Gold Shaft Mining
47:23 Plate Barding Armor
47:19 Plate Mail Armor
47:25 Iron Casting
46:33 Elite Kipchak
48:36 Elite Steppe Lancer
56:58 Cavalier
59:03 Paladin
Connection lost

Rejoining the realm…

Still unreachable

The connection could not be restored.

Session expired

The server has moved on; the page needs a fresh start.